 Dungeon Crawl Stone Soup version 0.29-a0-555-g3b24f45cc1 (webtiles) character file.

Game seed: 3937769334815185712

2 Crownlay the Grave Robber (level 1, 0/13 HPs)
             Began as a Demonspawn Necromancer on June 7, 2022.
             Slain by a worm (4 damage)
             ... on level 1 of the Dungeon.
             The game lasted 00:00:23 (69 turns).

Crownlay the Grave Robber (Demonspawn Necromancer)    Turns: 69, Time: 00:00:23

Health: 0/13       AC:  2    Str:  8    XL:     1   Next: 33%
Magic:  0/3        EV: 12    Int: 16    God:
Gold:   0          SH:  0    Dex: 13    Spells: 3/4 levels left

rFire   . . .      SeeInvis .   (no weapon)
rCold   . . .      Faith    .   (no shield)
rNeg    . . .      Spirit   .   a - +0 robe
rPois   .          Reflect  .   (no helmet)
rElec   .          Harm     .   (no cloak)
rCorr   .          Rampage  .   (no gloves)
Will    .....                   (no boots)
Stlth   ++........              (no amulet)
HPRegen 0.04/turn               (no ring)
MPRegen 0.08/turn               (no ring)

@: no status effects
A: no striking features
a: no special abilities


You were on level 1 of the Dungeon.
You visited 1 branch of the dungeon, and saw 1 of its levels.

Inventory:

Armour
 a - a +0 robe (worn)
Potions
 b - a potion of magic


   Skills:
 - Level 1.7 Dodging
 - Level 1.7 Stealth
 + Level 2.0 Spellcasting
 * Level 4.5 Necromancy


You had 3 spell levels left.
You knew the following spells:

 Your Spells              Type           Power      Damage    Failure   Level
a - Necrotize             Necr           64%        1d7       3%          1

Your spell library contained the following spells:

 Spells                   Type           Power      Damage    Failure   Level
 Vampiric Draining        Necr           16%        2d7       10%         3
 Animate Dead             Necr           16%        N/A       32%         4
 Agony                    Necr           16%        N/A       65%         5


Dungeon Overview and Level Annotations

Branches:
Dungeon (1/15)

Altars:


Message History

You are too depleted to draw on your mana recklessly!
You are too depleted to draw on your mana recklessly!
The quokka attacks as you move away! The quokka bites you.
The quokka bites you.
You barely miss the quokka.
The quokka is heavily wounded.
The quokka barely misses you.
You completely miss the quokka.
The quokka is heavily wounded.
The quokka closely misses you.
You hit the quokka but do no damage.
The quokka is heavily wounded.
The quokka bites you. The quokka closely misses you.
You closely miss the quokka.
The quokka is heavily wounded.
The quokka bites you.
Casting: Necrotize (safe; 3% risk of failure)
Confirm with . or Enter, or press ? or * to list all spells.
Aiming: Necrotize (safe; 3% risk of failure)
Press: ? - help, Shift-Dir - straight line, f/p - quokka
Aim: a quokka (moderately wounded, chance to affect: 85%)
The quokka writhes in agony.
You kill the quokka!
The dead are hopping!
Your quokka skeleton bites the worm.
Your quokka skeleton completely misses the worm.
You hit the worm but do no damage.
Your quokka skeleton bites the worm but does no damage.
You hit the worm.
The worm is lightly wounded.
The worm misses you.
Your quokka skeleton bites the worm.
You hit the worm.
The worm is moderately wounded.
Your quokka skeleton bites the worm.
You hit the worm but do no damage.
The worm is moderately wounded.
Something bites your quokka skeleton!
Your quokka skeleton is destroyed!
The worm bites you.
You die...

#.....# #...#
##.w#
####.####.#######
................J
##.#####.###.####
# #...# # #.
##w## #.#### ##@#
####....# #..#
#.....<.#####.#
#..##.....##...##
###.........#
##........#
#...##.....#
#...#####..#.#
...### #..#.#


You could see a worm.

Vanquished Creatures
  An endoplasm (D:1)
  A quokka (D:1)
2 creatures vanquished.

Notes
Turn   | Place    | Note
-------+----------+-------------------------------------------
     0 | D:1      | Crownlay the Demonspawn Necromancer began the quest for the
                  | Orb.
     0 | D:1      | Reached XP level 1. HP: 13/13 MP: 3/3
    69 | D:1      | Slain by a worm

Illustrated notes

Levels and vault maps discovered:
D:1:      dpeg_arrival_arbitrary_b, layout_basic,
          shapermc_ecumenical_altar_mp_ritualfount, serial_glass,
          glass_columns_b, glass_columns_b, st_stairs_5, minmay_liquid_box,
          hangedman_decor_diamond_cutter, nicolae_wormholes

Action                   || total
-------------------------++-------
Melee: Unarmed           ||     8
 Cast: Necrotize         ||     6
Dodge: Dodged            ||     4

Table legend: (Time is in decaauts)
 A = Elapsed time spent in this place.
 B = Non-inter-level travel time spent in this place.
 C = Inter-level travel time spent in this place.
 D = Time resting spent in this place.
 E = Time spent auto-exploring this place.
 F = Levels seen in this place.
 G = Mean time per level.
                   A        B        C        D        E       F      G
               +--------+--------+--------+--------+--------+-----+--------+
         Total |     69 |     69 |      0 |      0 |     37 |   1 |   69.0 |
       Dungeon |     69 |     69 |      0 |      0 |     37 |   1 |   69.0 |
               +--------+--------+--------+--------+--------+-----+--------+

Top non-repeatable levels by time:
     D:1: 69 daAuts
